 Dungeon Crawl Stone Soup version 0.31-a0-810-ga77100ea1a (webtiles) character file.

Game seed: 1118935008494548707

155 Dordric the Changeling (level 5, -1/28 HPs)
             Began as an Octopode Shapeshifter on Sept 22, 2023.
             Slain by Edmund
             ... wielding a +7 dire flail of holy wrath
              (14 damage)
             ... on level 4 of the Dungeon.
             The game lasted 00:03:14 (2442 turns).

Dordric the Changeling (Octopode Shapeshifter)      Turns: 2442, Time: 00:03:16

Health: -1/28      AC:  1    Str: 13    XL:     5   Next: 37%
Magic:  5/5        EV: 13    Int: 13    God:
Gold:   93         SH:  0    Dex: 13    Spells: 4/4 levels left

rFire   . .          .
                       - Unarmed
rCold   . . .        (shield currently unavailable)
rNeg    . . .        (helmet restricted)
rPois   .            (no amulet)
rElec   .            (no ring)
rCorr   .            (no ring)
SInv    .            (no ring)
Will    .....        (no ring)
Stlth   +            (no ring)
HPRegen 0.24/turn    (no ring)
MPRegen 0.09/turn    (no ring)
                     (no ring)

%: no passive effects
@: flux-form, glowing
A: glow, contaminating, reduced hp, almost no armour, amphibious, 8 rings,
camouflage 1, gelatinous body 1, (nimble swimmer 1), tentacles
a: Begin Untransformation


You were on level 4 of the Dungeon.
You were something dangerously unstable.
You visited 1 branch of the dungeon, and saw 4 of its levels.

You collected 93 gold pieces.

Inventory:

Jewellery
 k - a ring of wizardry
Talismans
 b - a beast talisman
 c - a flux talisman (active)
Scrolls
 f - 2 scrolls of revelation {unknown}
 g - a scroll of identify {unknown}
 i - a scroll of immolation {unknown}
 l - a scroll of poison {unknown}
 n - a scroll of noise {unknown}
 o - a scroll of enchant weapon {unknown}
Potions
 a - a potion of lignification
 d - a potion of brilliance {unknown}
 e - a potion of attraction {unknown}
 h - a potion of berserk rage {unknown}
 j - 2 potions of ambrosia {unknown}
 m - a potion of mutation {unknown}
 p - a potion of curing {unknown}


   Skills:
 - Level 1.0 Fighting
 - Level 2.0 Dodging
 - Level 3.0 Unarmed Combat
 + Level 5.5 Shapeshifting


You had 4 spell levels left.
You didn't know any spells.
Your spell library contained the following spells:

 Spells                   Type           Power      Damage    Failure   Level
 Magic Dart               Conj           0%         1d3       30%         1
 Necrotise                Necr           0%         1d4       30%         1
 Call Imp                 Summ           0%         N/A       43%         2
 Mephitic Cloud           Conj/Pois/Air  0%         N/A       67%         3
 Vampiric Draining        Necr           0%         2d6       67%         3
 Agony                    Necr           0%         N/A       100%        5


Dungeon Overview and Level Annotations

Branches:
Dungeon (4/15)
 Temple: D:4-7

Altars:
Dithmenos

Shops:
D:1 ?   D:2 ?

Annotations:
D:4 Edmund, Sigmund


Innate Abilities, Weirdness & Mutations

You are something dangerously unstable.
You glow with magical radiation, making you easy to see and hit.
Foes you strike become dangerously contaminated with magical radiation.
Your maximum health is decreased, since you lack skill for your form.
You are incapable of wielding weapons or throwing items.
You cannot wear most types of armour.
You are amphibious.
You can wear up to eight rings at the same time.
Your skin changes colour to match your surroundings (Stealth+).
Your rubbery body absorbs attacks. (AC +1, EV +1)
((You are camouflaged when in or above water. (Stealth+)))
You have tentacles for arms and can constrict up to eight enemies at once.


Message History

You squeeze the adder.
The adder is heavily wounded.
You constrict the adder. The adder closely misses you.
You tentacle-slap the adder.
The adder glows dangerously bright.
The adder is almost dead.
You constrict the adder.
You kill the adder!
No target in view!
No target in view!
No target in view!
No target in view!
No target in view!
No target in view!
No target in view!
No target in view!
No target in view!
You see here an adder corpse.
Edmund shouts!
You hear a shout!
Edmund is nearby!
Edmund is nearby!
You tentacle-slap Edmund.
Edmund begins to glow.
You grab Edmund.
Edmund is lightly wounded.
You constrict Edmund. Edmund closely misses you.
You tentacle-slap Edmund.
Edmund glows dangerously bright.
Edmund is lightly wounded.
You constrict Edmund, but do no damage. Edmund misses you.
You tentacle-slap Edmund but do no damage.
Edmund shudders as magic cascades through him!
Edmund twists and deforms.
You squeeze Edmund.
Edmund is moderately wounded.
You constrict Edmund, but do no damage.
Edmund hits you with a +7 dire flail of holy wrath!
Ouch! That really hurt!
You tentacle-slap Edmund.
Edmund begins to glow.
Edmund is heavily wounded.
You constrict Edmund.
Edmund hits you with a +7 dire flail of holy wrath!
Ouch! That really hurt!
You die...
Edmund says, "I'd like to see a scythe do that!"

.......... #.........
#####.........
..............
............. ###########
........... #...†.....#
...##......... #p#######†#
#..B<.@..... #@##......#
......@....@.....##.######
###$#.........#####.# ..
=.##...### #.# .. ... ...#
#<# . .... ...# ### ..o..
..# ...... ###


You could see Edmund (contam, misshapen).

Vanquished Creatures
  An orc priest (D:3)
  3 adders
  3 worms (D:2)
  A dart slug (D:2)
  5 orcs (D:3)
  6 ball pythons (D:1)
  8 endoplasms
  4 giant cockroaches
  10 hobgoblins
  3 jackals (D:4)
  5 kobolds
  3 quokkas
  6 bats
  3 frilled lizards
  11 goblins
  6 rats
78 creatures vanquished.

Notes
Turn   | Place    | Note
-------+----------+-------------------------------------------
     0 | D:1      | Dordric the Octopode Shapeshifter began the quest for the
                  | Orb.
     0 | D:1      | Reached XP level 1. HP: 13/13 MP: 1/1
    89 | D:1      | Reached XP level 2. HP: 18/18 MP: 2/2
   395 | D:1      | Reached XP level 3. HP: 23/23 MP: 3/3
   397 | D:1      | Reached skill level 4 in Shapeshifting
   446 | D:1      | Found The Oracle's Delphic Readings.
   932 | D:2      | Found Zohuo's Magic Scroll Shoppe.
   944 | D:2      | Reached XP level 4. HP: 11/28 MP: 4/4
  1277 | D:2      | Found a shadowy altar of Dithmenos.
  1521 | D:3      | Found a shadowy altar of Dithmenos.
  1764 | D:3      | Found a faded altar of an unknown god.
  1807 | D:3      | Noticed a phantom
  1971 | D:3      | Reached skill level 5 in Shapeshifting
  1981 | D:3      | Reached XP level 5. HP: 11/33 MP: 5/5
  2128 | D:3      | Identified the +13 plate armour "Raes" {-Tele rC+++ Will+++
                  | Dex-5}
  2321 | D:4      | Noticed Sigmund
  2321 | D:4      | Noticed Edmund
  2442 | D:4      | Slain by Edmund

Illustrated notes

Levels and vault maps discovered:
D:1:      ebering_trefoil_twist, layout_basic, nicolae_nh_oracle_at_delphi
D:2:      layout_rooms, serial_shops, shop, basic_altar
D:3:      layout_loops_ring, nicolae_dithmenos_shadow_blocks,
          dreamdust_ecumenical_altar_sealed_demon, lightli_corner_chamber
D:4:      layout_basic, mainiacjoe_overflow_paths,
          minmay_temple_entry_gardened_gates, minivault_1, uniq_sigmund,
          uniq_edmund, uniq_grinder

Skill      XL: |  1  2  3  4 |
---------------+-------------+-----
Shapeshifting  | 4 5 |  5.5
Fighting       | |  1.0
Dodging        | |  2.0
Unarmed Combat | |  3.0

Action                     |  1- 3 |  4- 6 || total
---------------------------+-------+-------++-------
  Melee: Unarmed           |    89 |    76 ||   165
         Constrict         |    27 |    21 ||    48
         Tentacles         |     6 |    16 ||    22
         Punch             |     2 |       ||     2
   Stab: Sleeping          |     7 |     4 ||    11
 Armour: Skin              |    36 |    26 ||    62
  Dodge: Dodged            |    60 |    47 ||   107
   Form: Flux              |       |     1 ||     1

Table legend: (Time is in decaauts)
 A = Elapsed time spent in this place.
 B = Non-inter-level travel time spent in this place.
 C = Inter-level travel time spent in this place.
 D = Time resting spent in this place.
 E = Time spent auto-exploring this place.
 F = Levels seen in this place.
 G = Mean time per level.
                   A        B        C        D        E       F      G
               +--------+--------+--------+--------+--------+-----+--------+
         Total |   2433 |   2319 |    114 |    192 |   1659 |   4 |  608.2 |
       Dungeon |   2433 |   2319 |    114 |    192 |   1659 |   4 |  608.2 |
               +--------+--------+--------+--------+--------+-----+--------+

Top non-repeatable levels by time:
     D:3: 998 daAuts
     D:1: 758 daAuts
     D:2: 631 daAuts
     D:4: 45 daAuts
